 Dungeon Crawl Stone Soup version 0.31-a0-845-g9abc20d24f (webtiles) character file.

Game seed: 10766508670268892730

30 arglypuff the Trooper (level 3, -3/41 HPs)
             Began as an Ogre Cinder Acolyte on Oct 1, 2023.
             Was a High Priest of Ignis.
             Slain by a gnoll
             ... wielding a +0 club
              (7 damage)
             ... on level 2 of the Dungeon.
             The game lasted 00:01:59 (902 turns).

arglypuff the Trooper (Ogre Cinder Acolyte)          Turns: 902, Time: 00:01:59

Health: -3/41      AC:  3    Str: 18    XL:     3   Next: 18%
Magic:  5/5        EV:  9    Int: 17    God:    Ignis [*****.]
Gold:   64         SH:  0    Dex:  4    Spells: 2/4 levels left

rFire   + . .        a - -1 spear (flame)
rCold   . . .        (no shield)
rNeg    . . .        b - +0 robe
rPois   .            (helmet restricted)
rElec   .            (no cloak)
rCorr   .            (gloves unavailable)
SInv    .            (boots unavailable)
Will    .....        (no amulet)
Stlth   +            (no ring)
HPRegen 0.26/turn    (no ring)
MPRegen 0.09/turn

%: no passive effects
@: no status effects
A: large, unfitting armour, tough skin 1
a: Renounce Religion, Fiery Armour, Foxfire Swarm, Rising Flame


You were on level 2 of the Dungeon.
You worshipped Ignis.
Ignis was extremely pleased with you.
You visited 1 branch of the dungeon, and saw 2 of its levels.

You collected 64 gold pieces.

Inventory:

Hand Weapons
 a - a -1 spear of flaming (weapon)
Armour
 b - a +0 robe (worn)
Scrolls
 c - a scroll of identify {unknown}
 f - a scroll of amnesia {unknown}
Potions
 d - 2 potions of lignification {unknown}
 e - 2 potions of degeneration {unknown}
 g - a potion of heal wounds {unknown}
 h - a potion of curing {unknown}


   Skills:
 + Level 4.9 Fighting
 + Level 3.3 Polearms
 + Level 1.4 Spellcasting
 + Level 2.9 Fire Magic


You had 2 spell levels left.
You knew the following spells:

 Your Spells              Type           Power      Damage    Failure   Level
a - Scorch                Fire           22%        2d5       10%         2

Your spell library contained the following spells:

 Spells                   Type           Power      Damage    Failure   Level
 Ozocubu's Armour         Ice            1%         N/A       52%         3
 Flame Wave               Conj/Fire      6%         2d5       75%         4
 Metabolic Englaciation   Hex/Ice        0%         N/A       99%         5
 Simulacrum               Ice/Necr       0%         N/A       100%        6
 Summon Cactus Giant      Summ           0%         N/A       100%        6


Dungeon Overview and Level Annotations

Branches:
Dungeon (2/15)

Altars:


Innate Abilities, Weirdness & Mutations

You are too large for most types of armour.
You have tough skin. (AC +1)


Message History

The quokka completely misses you. The gnoll closely misses you.
You hit the quokka. You burn the quokka.
You kill the quokka!
The gnoll hits you but does no damage.
You barely miss the ball python.
The ball python bites you but does no damage.
A gnoll comes into view. It is wielding a +0 club.
The gnoll hits you from afar with a +0 spear.
The ball python attacks as it pursues you!
The ball python barely misses you.
The ball python attacks as it pursues you!
The ball python closely misses you.
The ball python bites you but does no damage.
The ball python attacks as it pursues you!
The ball python bites you but does no damage.
The ball python attacks as it pursues you!
The ball python misses you.
You hit the ball python. You burn the ball python.
You kill the ball python!
The gnoll attacks as it pursues you! The gnoll hits you with a +0 club!
The gnoll attacks as it pursues you!
The gnoll hits you from afar with a +0 spear.
The gnoll attacks as it pursues you! The gnoll completely misses you.
The gnoll attacks as it pursues you! The gnoll hits you with a +0 club.
The gnoll attacks as it pursues you!
The gnoll hits you from afar with a +0 spear.
* * * LOW HITPOINT WARNING * * *
The gnoll attacks as it pursues you!
The gnoll hits you from afar with a +0 spear.
* * * LOW HITPOINT WARNING * * *
You open the door. The gnoll barely misses you. The gnoll barely misses you.
There is an open door here.
The gnoll attacks as it pursues you! The gnoll hits you but does no damage.
The gnoll attacks as it pursues you!
The gnoll hits you from afar with a +0 spear.
* * * LOW HITPOINT WARNING * * *
The gnoll attacks as it pursues you! The gnoll closely misses you.
The gnoll attacks as it pursues you! The gnoll hits you with a +0 club!
You die...

#+##############
#...............
###.######...####
#####.....gS.'......#
#......g######...##.#
#......@..# ######.#
#.......#.# #S#
#.........#
#######†####
#.......###
#.........(#
#.......#
#..........#
#.......#
#..........#
#.......#
#..........#
#.......#
#..........#
#######.####


You could see a gnoll.

Vanquished Creatures
  A dart slug (D:1)
  3 ball pythons
  3 endoplasms (D:1)
  3 goblins (D:1)
  A hobgoblin (D:2)
  2 jackals (D:1)
  2 kobolds
  4 quokkas
  A bat (D:1)
  A frilled lizard (D:1)
  2 rats (D:1)
23 creatures vanquished.

Vanquished Creatures (others)
  An endoplasm (D:1)
  A ball python (D:1)
2 creatures vanquished.

Grand Total: 25 creatures vanquished

Notes
Turn   | Place    | Note
-------+----------+-------------------------------------------
     0 | D:1      | arglypuff the Ogre Cinder Acolyte began the quest for the
                  | Orb.
     0 | D:1      | Reached XP level 1. HP: 24/24 MP: 2/2
   125 | D:1      | Reached XP level 2. HP: 33/33 MP: 3/3
   128 | D:1      | Learned a level 2 spell: Scorch
   542 | D:1      | Reached XP level 3. HP: 41/41 MP: 1/5
   902 | D:2      | Slain by a gnoll

Illustrated notes

Levels and vault maps discovered:
D:1:      scummos_arrival_checkerplants, layout_loops_ring, lemuel_flame_loot_1
D:2:      minmay_angry_zag, layout_basic, serial_shops, shop, basic_altar

Action                     || total
---------------------------++-------
  Melee: Spear             ||    45
   Cast: Scorch            ||     9
 Armour: Robe              ||    30
  Dodge: Dodged            ||    25

Table legend: (Time is in decaauts)
 A = Elapsed time spent in this place.
 B = Non-inter-level travel time spent in this place.
 C = Inter-level travel time spent in this place.
 D = Time resting spent in this place.
 E = Time spent auto-exploring this place.
 F = Levels seen in this place.
 G = Mean time per level.
                   A        B        C        D        E       F      G
               +--------+--------+--------+--------+--------+-----+--------+
         Total |    899 |    863 |     36 |      0 |    711 |   2 |  449.5 |
       Dungeon |    899 |    863 |     36 |      0 |    711 |   2 |  449.5 |
               +--------+--------+--------+--------+--------+-----+--------+

Top non-repeatable levels by time:
     D:1: 835 daAuts
     D:2: 63 daAuts
